Map: Dusk Towers

Players

ColdscarS

  • Race: Terran Terran
  • League: Master

Miszu - Winner!

  • Race: Terran Terran
  • League: Grandmaster

VOD

Have the link to the VOD?

Description

Time

  • Played on: Feb. 22, 2016, 8:57 a.m.
  • Length: 8:20
Show
View Real Time Build Order
Export as new Build Order

ColdscarS Terran 

Build Orders: MMM Bio 

Get SALT Encoding   

  12  0:01  SCV  
  13  0:13  SCV  
  14  0:19  Supply Depot  
  14  0:25  SCV  
  15  0:40  SCV  
  15  0:41  Barracks  
  16  0:45  Refinery  
  16  0:52  SCV  
  17  1:01  Barracks  
  17  1:04  SCV  
  18  1:17  SCV  
  19  1:29  Reaper, Orbital Command  
  20  1:34  Supply Depot  
  20  1:41  Refinery  
  20  1:49  Reaper  
  21  1:54  SCV  
  22  2:05  Reaper  
  22  2:06  SCV  
  24  2:18  SCV  
  25  2:25  Barracks Tech Lab  
  25  2:26  Command Center  
  25  2:32  SCV  
  25  2:34  Supply Depot  
  26  2:39  Barracks Reactor  
  26  2:43  Marine  
  28  2:44  SCV  
  28  2:52  Stimpack  
  28  2:56  SCV  
  29  3:02  Marauder  
  31  3:08  SCV  
  32  3:13  Factory  
  32  3:15  Marine x2  
  34  3:20  SCV  
  34  3:24  Marine  
  36  3:28  Barracks  
  36  3:32  SCV  
  37  3:35  Marine x2  
  40  3:42  Orbital Command  
  40  3:47  Marine  
  40  3:48  SCV  
  41  3:56  Marine  
  41  3:57  Engineering Bay  
  41  3:58  Factory Reactor  
  42  4:05  Starport  
  42  4:08  Marine  
  43  4:11  Marine  
  43  4:13  SCV  
  43  4:16  SCV  
  46  4:21  Marine  
  46  4:22  Marine  
  48  4:26  Supply Depot  
  48  4:27  SCV  
  48  4:30  Marine  
  50  4:37  Marine  
  51  4:38  SCV  
  52  4:45  SCV  
  52  4:47  Supply Depot  
  52  4:49  Marine x2  
  52  4:52  Medivac, Factory Tech Lab  
  56  4:53  Medivac  
  56  4:58  SCV x2  
  60  5:02  Combat Shields  
  60  5:04  Barracks Reactor  
  60  5:10  SCV  
  56  5:17  SCV  
  54  5:22  Marine x3, SCV  
  57  5:29  SCV  
  57  5:34  SCV  
  57  5:41  SCV  
  58  5:44  Viking  
  58  5:46  SCV  
  61  5:53  SCV  
  61  5:56  Terran Infantry Weapons Level 1, Marine x3  
  65  5:58  Marine x2  
  65  6:02  SCV  
  68  6:05  SCV  
  69  6:14  Marine  
  69  6:16  Supply Depot, Marine x2, Siege Tank, SCV  
  76  6:19  SCV  
  77  6:32  SCV  
  78  6:37  Marine x3, Medivac x2  
  78  6:38  SCV  
  86  6:41  Refinery  
  86  6:42  Refinery  
  86  6:43  Supply Depot  
  86  6:48  Supply Depot  
  86  6:58  Barracks x2  
  86  7:04  Marine x3  
  86  7:05  Siege Tank, SCV  
  86  7:06  SCV  
  94  7:09  Marine  
  94  7:15  Missile Turret  
  95  7:17  SCV  
  95  7:18  Supply Depot  
  95  7:19  SCV  
  95  7:22  Marine x2  
  99  7:39  Siege Tank  
  99  7:40  Medivac x2  
  99  7:44  Marine x4  
  110  8:02  Supply Depot  
  110  8:03  Supply Depot  
  110  8:05  SCV  
Show
View Real Time Build Order
Export as new Build Order

Miszu Terran - Winner!

Build Orders: MMM Bio 

Get SALT Encoding   

  12  0:01  SCV  
  13  0:13  SCV  
  14  0:17  Supply Depot  
  14  0:25  SCV  
  14  0:27  Refinery  
  15  0:39  SCV  
  16  0:44  Barracks  
  16  0:51  SCV  
  17  1:03  SCV  
  18  1:15  SCV  
  19  1:31  Orbital Command  
  19  1:32  Factory  
  19  1:36  Supply Depot  
  19  1:48  Reaper  
  20  1:56  SCV  
  21  2:06  Command Center  
  21  2:09  SCV  
  22  2:17  Hellion  
  22  2:21  Reaper  
  25  2:23  Refinery  
  25  2:25  Supply Depot  
  25  2:31  SCV  
  26  2:38  Hellion  
  26  2:43  SCV  
  29  2:48  Supply Depot  
  29  2:54  Marine  
  30  3:02  Hellion, SCV  
  33  3:13  Starport  
  33  3:17  Barracks Reactor  
  33  3:22  SCV  
  33  3:23  Hellion  
  33  3:26  Orbital Command  
  36  3:35  SCV  
  37  3:47  SCV  
  38  3:51  SCV  
  38  3:54  Medivac  
  41  3:59  Marine x2, SCV  
  41  4:00  Factory Tech Lab  
  44  4:03  SCV  
  45  4:11  SCV  
  45  4:14  Command Center  
  45  4:15  SCV  
  47  4:23  Siege Tank, SCV  
  51  4:27  SCV  
  51  4:30  Supply Depot  
  52  4:33  Marine x2  
  52  4:35  SCV  
  55  4:39  SCV  
  56  4:47  SCV  
  56  4:51  Marine  
  58  4:53  Refinery, Barracks  
  58  4:54  Refinery, Barracks  
  58  4:55  SCV  
  59  5:01  Starport Reactor, SCV  
  60  5:07  SCV  
  61  5:22  Marine x2  
  61  5:23  SCV  
  61  5:24  Siege Tank  
  65  5:37  SCV x2  
  65  5:39  Marine, Orbital Command  
  65  5:40  Marine, Barracks Tech Lab  
  65  5:41  Barracks Tech Lab  
  69  5:46  Barracks x2  
  69  5:49  SCV  
  70  5:55  SCV  
  71  5:57  Marine  
  71  5:58  Engineering Bay  
  71  5:59  Engineering Bay  
  71  6:00  Siege Tank  
  71  6:01  Marine x2  
  71  6:03  Stimpack  
  77  6:05  Combat Shields  
  77  6:07  Marine  
  78  6:15  Marine  
  79  6:19  Marine x2  
  79  6:23  Medivac x2  
  85  6:27  Marine  
  76  6:33  Marine  
  76  6:34  Orbital Command  
  76  6:36  Marine  
  76  6:37  Marine  
  79  6:42  Marine x2  
  79  6:44  Sensor Tower  
  79  6:45  Marine  
  82  6:51  Marine  
  82  6:53  Medivac  
  85  6:54  Sensor Tower  
  85  7:03  Supply Depot  
  85  7:05  Supply Depot, Marine x2, SCV x3  
  91  7:12  Marine  
  92  7:17  SCV  
  92  7:19  Barracks Reactor x2, SCV x2  
  92  7:20  Refinery  
  92  7:22  Armory  
  93  7:24  Refinery  
  93  7:25  Marine x2, Siege Tank  
  99  7:30  SCV  
  99  7:31  SCV x2  
  100  7:37  Marine  
  100  7:40  Marine  
  100  7:41  Medivac  
  100  7:42  Marine, Medivac  
  107  7:50  Missile Turret  
  107  7:51  Supply Depot x2, Marine  
  107  7:52  Supply Depot  
  107  7:53  SCV  
Tags
 
Add a new tag
Caveats
  • Supply blocks, unpowered buildings, or Contaminate may cause inaccurate times.
  • Supply counts are checked every 10 seconds.